 Dungeon Sprint DCSS version 0.20-a0-629-gc37eb77 (webtiles) character file.

1010 Kidiri the Thaumaturge (level 8, -8/48 HPs)
             Began as a Deep Elf Fire Elementalist on Feb 11, 2017.
             Was a Believer of Vehumet.
             Mangled by a shadow (28 damage)
             ... in the Dungeon (Sprint III: "The Ten Rune Challenge").
             The game lasted 00:08:52 (1016 turns).

Kidiri the Thaumaturge (Deep Elf Fire Elementalist) Turns: 1016, Time: 00:08:52

Health: -8/48      AC:  4    Str:  3    XL:     8   Next: 1%
Magic:  16/25      EV: 17    Int: 23    God:    Vehumet [**....]
Gold:   24         SH:  0    Dex: 15    Spells: 6/29 levels left

rFire    + + .     SeeInvis .   z - -1 dagger (curse)
rCold    . . .     Gourm    .   a - +0 robe
rNeg     . . .     Faith    .   (no shield)
rPois    .         Spirit   .   j - +0 helmet
rElec    .         Reflect  .   l - +0 cloak
rCorr    .         Harm     .   (no gloves)
MR       .....     NoTele   +   (no boots)
Stlth    ++........             (no amulet)
Regen    0.2/turn               (no ring)
                                (no ring)

@: no status effects
A: fire resistance 2, weak 1
a: Renounce Religion


You were in the Dungeon.
You worshipped Vehumet.
Vehumet was pleased with you.
You were not hungry.

You visited 1 branch You collected 24 gold pieces.

Inventory:

Hand Weapons
 u - a +0 dagger
 z - a cursed -1 dagger (weapon)
Armour
 a - a +0 robe (worn)
 j - a +0 helmet (worn)
 l - a +0 cloak (worn)
Wands
 k - a wand of flame (23/48)
Scrolls
 i - a scroll of blinking
 m - a scroll of torment {unknown}
 n - a scroll of recharging {unknown}
 o - a scroll of immolation {unknown}
 r - a scroll of holy word {unknown}
 s - a scroll of identify {unknown}
Potions
 d - 2 potions of curing
 e - a potion of heal wounds
 f - 3 potions of haste
 g - 2 potions of magic
 h - 2 potions of berserk rage
 q - 2 potions of flight {unknown}
Books
 w - a book of Minor Magic

   Spells                             Type                      Level
   a - Magic Dart                     Conjuration                  1
   b - Blink                          Translocation                2
   c - Call Imp                       Summoning                    2
   d - Slow                           Hexes                        2
   e - Conjure Flame                  Conjuration/Fire             3
   f - Mephitic Cloud                 Conjuration/Poison/Air       3
Comestibles
 b - 5 chunks of flesh
 c - a bread ration
 p - a royal jelly
 t - a fruit


   Skills:
 + Level 4.9 Fighting
 + Level 4.2 Short Blades
 + Level 4.9 Armour
 + Level 7.7 Dodging
 - Level 2.4 Stealth
 * Level 11.3 Spellcasting
 + Level 6.5 Conjurations
 + Level 7.3 Fire Magic
 + Level 1.2 Ice Magic
 + Level 2.2 Air Magic
 + Level 2.3 Poison Magic
 + Level 4.5 Evocations


You had 6 spell levels left.
You knew the following spells:

 Your Spells              Type           Power        Failure   Level  Hunger
a - Flame Tongue          Conj/Fire      #####        1%          1    None
b - Throw Flame           Conj/Fire      #####.       1%          2    None
c - Conjure Flame         Conj/Fire      #####...     1%          3    None
d - Inner Flame           Hex/Fire       ####....     3%          3    None
e - Sticky Flame          Conj/Fire      #####...     3%          4    None
f - Fireball              Conj/Fire      #####.....   10%         5    ####...
g - Mephitic Cloud        Conj/Pois/Air  ####....     3%          3    None
h - Freeze                Ice            ###.         2%          1    None
i - Sting                 Conj/Pois      ####         1%          1    None


Dungeon Overview and Level Annotations

Branches:
Dungeon (1/1)

Altars:
Dithmenos
Elyvilon
Kikubaaqudgha
Okawaru
Ru
Sif Muna
Trog
Uskayaw
Vehumet
Yredelemnul
Zin
The Shining One
Beogh


Innate Abilities, Weirdness & Mutations

Your flesh is very heat resistant. (rF++)
You are weak. (Str -2)


Message History

Aim: a shadow (heavily damaged)
The flame tongue hits the shadow.
The shadow is almost destroyed.
The shadow slips into darkness.
The shadow flickers and vanishes!
Deactivating autopickup; reactivate with Ctrl-A.
Casting: Flame Tongue
Confirm with . or Enter, or press ? or * to list all spells.
You can't see any susceptible monsters within range! (Use Z to cast anyway.) Unknown command.
Unknown command.
Unknown command.
Casting: Flame Tongue
Confirm with . or Enter, or press ? or * to list all spells.
Aiming: Flame Tongue
Press: ? - help, Shift-Dir - straight line The flame tongue hits something.
The shadow strikes at you from the darkness!
Ouch! That really hurt!
You die...

▓▓▓▓▓▓▓
......############
......#___#__.#__#
......#...#__.#[_#
......###+#+###+##
......#..........#
≈.....+.⌠........#
≈≈≈...#...######@#
≈≈....#.⌠.# #.{.#
≈.....#...# #...#
......#+### _#...#
......#..:#_ #..%+
......#___# +...#
▓▓▓▓▓▓▓▓▓▓▓ ▓▓▓▓▓


There were no monsters in sight!

Vanquished Creatures
  A deep elf mage (D)
  A necrophage (D)
  A water elemental (D)
  A jelly (D)
  Crazy Yiuf (D)
  Jessica (D)
  A wizard (D)
  A necromancer (D)
  A kobold demonologist (D)
  3 humans (D)
  An ooze (D)
  2 rats (D)
15 creatures vanquished.

Vanquished Creatures (others)
  2 draconian scorchers (D)
  6 hellions (D)
  A yaktaur (D)
  4 plants (D)
13 creatures vanquished.

Grand Total: 28 creatures vanquished

Notes
Turn   | Place    | Note
-------+----------+-------------------------------------------
     0 | D        | Kidiri the Deep Elf Fire Elementalist began the quest for the Orb.
     0 | D        | Reached XP level 1. HP: 10/10 MP: 6/6
    64 | D        | Noticed Jessica
    66 | D        | Killed Jessica
    66 | D        | Reached skill level 1 in Fighting
    66 | D        | Reached skill level 1 in Armour
    66 | D        | Reached skill level 5 in Spellcasting
    66 | D        | Reached XP level 2. HP: 8/16 MP: 5/10
    66 | D        | Reached XP level 3. HP: 10/20 MP: 5/11
    70 | D        | Learned a level 2 spell: Throw Flame
    74 | D        | Learned a level 3 spell: Conjure Flame
    78 | D        | Learned a level 3 spell: Inner Flame
   101 | D        | Killed a hellion
   102 | D        | Killed a hellion
   102 | D        | Killed a hellion
   102 | D        | Killed a hellion
   103 | D        | Killed a hellion
   154 | D        | Killed a hellion
   159 | D        | Killed a white draconian scorcher
   188 | D        | Killed a yaktaur
   248 | D        | Killed a white draconian scorcher
   350 | D        | Noticed Crazy Yiuf
   357 | D        | Killed Crazy Yiuf
   357 | D        | Reached skill level 6 in Spellcasting
   357 | D        | Reached XP level 4. HP: 26/26 MP: 7/14
   392 | D        | Gained mutation: You are agile. (Dex +2) [potion of mutation]
   392 | D        | Gained mutation: You are surrounded by a mild repulsion field. (EV +2) [potion of mutation]
   392 | D        | Gained mutation: Your muscles are strong. (Str +2) [potion of mutation]
   393 | D        | Lost mutation: You are agile. (Dex +2) [potion of mutation]
   393 | D        | Lost mutation: You are surrounded by a mild repulsion field. (EV +2) [potion of mutation]
   393 | D        | Lost mutation: Your muscles are strong. (Str +2) [potion of mutation]
   393 | D        | Gained mutation: You are dopey. (Int -2) [potion of mutation]
   393 | D        | Gained mutation: You are partially covered in molten scales. (AC +2) [potion of mutation]
   394 | D        | Lost mutation: You are partially covered in molten scales. (AC +2) [potion of mutation]
   394 | D        | Lost mutation: You are dopey. (Int -2) [potion of mutation]
   394 | D        | Gained mutation: Your muscles are strong. (Str +2) [potion of mutation]
   394 | D        | Gained mutation: You are partially covered in slimy green scales. (AC +2) [potion of mutation]
   394 | D        | Gained mutation: You possess an exceptional clarity of mind. [potion of mutation]
   395 | D        | Lost mutation: You possess an exceptional clarity of mind. [potion of mutation]
   395 | D        | Gained mutation: You have a pair of small antennae on your head. [potion of mutation]
   395 | D        | Gained mutation: You are robust. (+10% HP) [potion of mutation]
   395 | D        | Gained mutation: You passively map a small area around you. [potion of mutation]
   395 | D        | Gained mutation: Your flesh is heat resistant. (rF+) [potion of mutation]
   396 | D        | Lost mutation: Your flesh is heat resistant. (rF+) [potion of mutation]
   396 | D        | Lost mutation: You are robust. (+10% HP) [potion of mutation]
   396 | D        | Lost mutation: Your muscles are strong. (Str +2) [potion of mutation]
   396 | D        | Lost mutation: You have a pair of small antennae on your head. [potion of mutation]
   396 | D        | Gained mutation: You have large cloven feet. [potion of mutation]
   396 | D        | Gained mutation: You are partially covered in icy blue scales. (AC +2) [potion of mutation]
   397 | D        | Lost mutation: You are partially covered in slimy green scales. (AC +2) [potion of mutation]
   397 | D        | Lost mutation: You have large cloven feet. [potion of mutation]
   397 | D        | Lost mutation: You passively map a small area around you. [potion of mutation]
   397 | D        | Lost mutation: You are partially covered in icy blue scales. (AC +2) [potion of mutation]
   397 | D        | Gained mutation: Your flesh is heat resistant. (rF+) [potion of mutation]
   397 | D        | Gained mutation: You are weak. (Str -2) [potion of mutation]
   397 | D        | Gained mutation: Your flesh is very heat resistant. (rF++) [potion of mutation]
   435 | D        | Noticed a water elemental
   440 | D        | Killed a water elemental
   440 | D        | Reached skill level 5 in Dodging
   440 | D        | Reached skill level 7 in Spellcasting
   440 | D        | Reached skill level 5 in Fire Magic
   440 | D        | Reached XP level 5. HP: 32/32 MP: 10/17
   446 | D        | Learned a level 4 spell: Sticky Flame
   452 | D        | Learned a level 5 spell: Fireball
   530 | D        | Found a radiant altar of Vehumet.
   531 | D        | Found a deep blue altar of Sif Muna.
   531 | D        | Found an ancient bone altar of Kikubaaqudgha.
   536 | D        | Reached skill level 8 in Spellcasting
   567 | D        | Became a worshipper of Vehumet
   626 | D        | Found a glowing silver altar of Zin.
   627 | D        | Found a glowing golden altar of the Shining One.
   627 | D        | Found a white marble altar of Elyvilon.
   627 | D        | Noticed a deep elf mage
   632 | D        | Killed a deep elf mage
   632 | D        | Reached skill level 10 in Spellcasting
   632 | D        | Reached skill level 5 in Conjurations
   632 | D        | Reached XP level 6. HP: 27/39 MP: 11/21
   632 | D        | Reached XP level 7. HP: 30/44 MP: 12/23
   637 | D        | Learned a level 3 spell: Mephitic Cloud
   827 | D        | Found a hide-covered altar of Uskayaw.
   827 | D        | Found a roughly hewn altar of Beogh.
   827 | D        | Found an iron altar of Okawaru.
   827 | D        | Found a bloodstained altar of Trog.
   827 | D        | Noticed a human
   830 | D        | Noticed a human
   830 | D        | Killed a human
   830 | D        | Reached skill level 1 in Air Magic
   830 | D        | Reached skill level 1 in Poison Magic
   835 | D        | Killed a human
   835 | D        | Reached * piety under Vehumet
   835 | D        | Offered knowledge of Freeze by Vehumet.
   835 | D        | Reached skill level 11 in Spellcasting
   838 | D        | Learned a level 1 spell: Freeze
   940 | D        | Found a basalt altar of Yredelemnul.
   940 | D        | Found a shadowy altar of Dithmenos.
   940 | D        | Found a sacrificial altar of Ru.
  1006 | D        | Offered knowledge of Sting by Vehumet.
  1006 | D        | Reached ** piety under Vehumet
  1006 | D        | Reached skill level 1 in Ice Magic
  1006 | D        | Reached XP level 8. HP: 48/48 MP: 21/25
  1009 | D        | Learned a level 1 spell: Sting
  1016 | D        | Mangled by a shadow

Vault maps used:
D:        dungeon_sprint_mu

Skill      XL: |  1  2  3  4  5  6  7 |
---------------+----------------------+-----
Dodging        | 3 4 5 7 |  7.7
Fighting       | 1 2 4 |  4.9
Armour         | 1 2 4 |  4.9
Spellcasting   | 5 6 7 10 11 | 11.3
Conjurations   | 2 3 4 5 6 |  6.5
Fire Magic     | 4 5 6 7 |  7.3
Short Blades   | 3 4 |  4.2
Evocations     | 3 4 |  4.5
Air Magic      | 2 |  2.2
Poison Magic   | 2 |  2.3
Ice Magic      | 1 |  1.2
Stealth        | |  2.4

Action                   |  1- 3 |  4- 6 |  7- 9 || total
-------------------------+-------+-------+-------++-------
Melee: Dagger            |       |     1 |     5 ||     6
 Cast: Flame Tongue      |    17 |     7 |    16 ||    40
       Throw Flame       |     4 |       |     1 ||     5
       Conjure Flame     |     1 |       |     1 ||     2
       Sticky Flame      |       |     3 |     2 ||     5
       Fireball          |       |     1 |     5 ||     6
  Use: Potion            |       |     6 |       ||     6
       Scroll            |       |     2 |       ||     2
 Stab: Sleeping          |       |     1 |       ||     1
  Eat: Chunk             |       |       |     2 ||     2
Armor: Robe              |       |     2 |       ||     2
Dodge: Dodged            |     2 |     5 |     6 ||    13
